Map: Dusk Towers

Players

AbvNBeYonD

  • Race: Terran Terran
  • League: Diamond

LilDicky - Winner!

  • Race: Terran Terran
  • League: Diamond

VOD

http://www.twitch.tv/tumescentpie

Description

Time

  • Played on: Nov. 27, 2015, 10:25 a.m.
  • Length: 4:17
Show
View Real Time Build Order
Export as new Build Order

AbvNBeYonD Terran 

Build Orders:  

Get SALT Encoding   

  12  0:09  Supply Depot  
  12  0:18  SCV  
  13  0:56  Barracks  
  13  0:57  Barracks  
  13  1:01  Barracks  
  13  1:12  Supply Depot  
  13  1:44  Marine x2  
  15  1:49  Marine  
  15  1:52  Barracks  
  16  2:02  Marine x2  
  16  2:07  Marine  
  19  2:20  Marine  
  19  2:24  Marine  
  19  2:25  Marine  
  20  2:37  Marine  
  20  2:42  Marine  
  20  2:43  Marine x2  
  24  2:55  Marine  
  20  3:00  Marine x2  
  20  3:01  Marine  
  22  3:13  Marine  
  22  3:18  Marine  
  22  3:20  Marine  
  22  3:31  Marine  
  22  3:35  Marine  
  22  3:38  Marine  
  22  3:49  Marine  
  22  3:53  Marine  
  23  3:56  Marine  
Show
View Real Time Build Order
Export as new Build Order

LilDicky Terran - Winner!

Build Orders:  

Get SALT Encoding   

  12  0:01  SCV  
  13  0:13  SCV  
  14  0:18  Supply Depot  
  14  0:25  SCV  
  15  0:31  Refinery  
  15  0:40  SCV  
  16  0:52  Barracks  
  16  0:55  SCV  
  17  1:07  SCV  
  18  1:25  SCV  
  19  1:40  Reaper  
  19  1:42  Supply Depot  
  19  1:46  Barracks  
  19  1:48  Barracks  
  19  1:52  SCV  
  20  1:54  Bunker  
  20  1:59  Refinery  
  20  2:06  SCV  
  21  2:12  Reaper  
  21  2:35  Reaper  
  21  2:36  Reaper  
  20  2:44  Reaper  
  19  3:06  Orbital Command  
  19  3:07  Reaper  
  19  3:25  Reaper  
  19  3:26  Reaper  
  21  3:32  SCV  
  22  3:40  Reaper  
Tags
 
Add a new tag
Caveats
  • Supply blocks, unpowered buildings, or Contaminate may cause inaccurate times.
  • Supply counts are checked every 10 seconds.